 Dungeon Crawl Stone Soup version 0.27.0-1-g7a089689b8 (webtiles) character file.

Game seed: 8876657097499477426

46 gimp the Sneak (level 3, -17/30 HPs)
             Began as a Human Delver on Aug 10, 2021.
             Demolished by a mummy (18 damage)
             ... in an ossuary.
             The game lasted 00:03:31 (419 turns).

gimp the Sneak (Human Delver)                        Turns: 419, Time: 00:03:31

Health: -17/30     AC:  3    Str: 13    XL:     3   Next: 95%
Magic:  3/3        EV: 12    Int: 10    God:
Gold:   36         SH:  0    Dex: 14    Spells: 2/2 levels left

rFire    . . .     SeeInvis .   a - +0 spear
rCold    . . .     Faith    .   (no shield)
rNeg     . . .     Spirit   .   b - +0 leather armour
rPois    .         Reflect  .   (no helmet)
rElec    .         Harm     .   (no cloak)
rCorr    .         Rampage  .   (no gloves)
Will     .....                  (no boots)
Stlth    +++.......             (no amulet)
HPRegen  0.10/turn              (no ring)
MPRegen  0.08/turn              (no ring)

@: no status effects
A: no striking features
a: no special abilities


You were in an ossuary.
You visited 1 branch of the dungeon, and saw 1 of its levels.
You also visited: Ossuary.

You collected 36 gold pieces.

Inventory:

Hand Weapons
 a - a +0 spear (weapon)
Armour
 b - a +0 leather armour (worn)
Wands
 g - a wand of digging (3)
Scrolls
 c - a scroll of fog
 e - a scroll of fear
Potions
 f - a potion of haste


   Skills:
 * Level 4.1 Fighting
 - Level 2.0 Polearms
 + Level 1.6 Armour
 - Level 2.0 Dodging
 - Level 5.0 Stealth


You had 2 spell levels left.
You didn't know any spells.
Your spell library was empty.

Dungeon Overview and Level Annotations

Branches:
Dungeon (5/15)            Ossuary (1/1)
 Temple: D:4-7

Altars:
Vehumet


Message History

The adder zombie is heavily damaged.
The adder zombie bites you but does no damage.
The rat zombie closely misses you.
You hit the adder zombie.
The adder zombie is severely damaged.
The adder zombie completely misses you. The adder zombie barely misses you.
The rat zombie misses you.
You hit the adder zombie.
The adder zombie is almost destroyed.
The adder zombie misses you.
You barely miss the adder zombie.
The adder zombie is almost destroyed.
The orc zombie closely misses you.
The rat zombie bites you but does no damage.
The adder zombie bites you.
* * * LOW HITPOINT WARNING * * *
You take 1 damage, and have 2/30 hp.
You hit the adder zombie.
You destroy the adder zombie!
The orc zombie closely misses you. The rat zombie bites you.
* * * LOW HITPOINT WARNING * * *
The mummy barely misses you.
You take 1 damage, and have 1/30 hp.
Your leather armour prevents you from hitting the human zombie.
The orc zombie hits you but does no damage.
The rat zombie closely misses you. The human zombie barely misses you.
You hit the human zombie but do no damage.
The mummy barely misses you. The orc zombie barely misses you.
The human zombie barely misses you.
The rat zombie bites you but does no damage.
You hit the rat zombie.
The rat zombie is moderately damaged.
You hit the rat zombie but do no damage.
The rat zombie is moderately damaged.
The orc zombie hits you.
* * * LOW HITPOINT WARNING * * *
The rat zombie barely misses you. The human zombie barely misses you.
The mummy hits you!!
Ouch! That really hurt!
You die...

#..M#.####.......#...#
#...# #.......#...#
#...# #.......#...#
#..Z# #.∩.....#...#
#...# .....+####...#
#...# ###...# #...#
#...# #...# #...#
#...##############...#
#...ZMZ@MZ...........#
#.....Z.ZZ∩∩.........#
######################


You could see 2 mummies, a rat zombie, a kobold zombie, 2 orc zombies, an elf
zombie and a human zombie.

Vanquished Creatures
  A centaur zombie (Ossuary)
  An adder zombie (Ossuary)
  5 hobgoblin zombies (Ossuary)
  6 kobold zombies (Ossuary)
  8 orc zombies (Ossuary)
  A rat zombie (Ossuary)
22 creatures vanquished.

Notes
Turn   | Place    | Note
-------+----------+-------------------------------------------
     0 | D:5      | gimp the Human Delver began the quest for the Orb.
     0 | D:5      | Reached XP level 1. HP: 18/18 MP: 1/1
     4 | D:5      | Found a radiant altar of Vehumet.
    45 | D:5      | Found a sand-covered staircase.
    50 | Ossuary  | Entered an ossuary
   132 | Ossuary  | Reached XP level 2. HP: 24/24 MP: 2/2
   278 | Ossuary  | Reached skill level 1 in Armour
   301 | Ossuary  | Reached XP level 3. HP: 18/30 MP: 3/3
   415 | Ossuary  | HP: 1/30 [rat zombie (1)]
   419 | Ossuary  | Demolished by a mummy

Illustrated notes

Levels and vault maps discovered:
D:5:      minmay_bubble_buster, layout_loops_ring,
          mainiacjoe_overflow_tiny_flanked,
          nicolae_ossuary_entry_false_entrances, dk_noncrumbling_2
Ossuary:  ossuary_tomb_1

Skill      XL: |  1  2 |
---------------+-------+-----
Armour         | 1 |  1.6
Fighting       | 4 |  4.1
Polearms       | |  2.0
Dodging        | |  2.0
Stealth        | |  5.0

Action                   || total
-------------------------++-------
Melee: Spear             ||   126
  Use: Scroll            ||     2
       Potion            ||     1
 Stab: Sleeping          ||     4
Armor: Leather armour    ||    31
Dodge: Dodged            ||    95
